 Dungeon Crawl Stone Soup version 0.27-a0-1051-g288ea87c7c (webtiles) character file.

Game seed: 17790876909756421898

4 rageheart7 the Digger (level 1, 0/18 HPs)
             Began as an Ogre Earth Elementalist on Apr 21, 2021.
             Slain by a jackal (1 damage)
             ... on level 1 of the Dungeon.
             The game lasted 00:00:39 (98 turns).

rageheart7 the Digger (Ogre Earth Elementalist)       Turns: 98, Time: 00:00:40

Health: 0/18       AC:  3    Str: 11    XL:     1   Next: 60%
Magic:  0/4        EV:  9    Int: 16    God:
Gold:   0          SH:  0    Dex:  9    Spells: 4/5 levels left

rFire    . . .     SeeInvis .   a - +0 mace
rCold    . . .     Faith    .   (no shield)
rNeg     . . .     Spirit   .   c - +0 robe
rPois    .         Reflect  .   (helmet restricted)
rElec    .         Harm     .   (no cloak)
rCorr    .         Rampage  .   (gloves unavailable)
Will     .....                  (boots unavailable)
Stlth    +.........             (no amulet)
HPRegen  0.06/turn              (no ring)
MPRegen  0.09/turn              (no ring)

@: no status effects
A: large, unfitting armour, tough skin 1
a: no special abilities


You were on level 1 of the Dungeon.
You visited 1 branch of the dungeon, and saw 1 of its levels.

Inventory:

Hand Weapons
 a - a +0 mace (weapon)
Missiles
 b - 26 stones
Armour
 c - a +0 robe (worn)


   Skills:
 * Level 0.8 Fighting
 - Level 1.7 Dodging
 - Level 1.4 Stealth
 * Level 2.6 Spellcasting
 - Level 0.8 Transmutations
 + Level 2.7 Earth Magic


You had 4 spell levels left.
You knew the following spells:

 Your Spells              Type           Power      Damage    Failure   Level
a - Sandblast             Erth           20%        2d7       6%          1

Your spell library contained the following spells:

 Spells                   Type           Power      Damage    Failure   Level
 Passwall                 Tmut/Erth      5%         N/A       14%         2
 Stone Arrow              Conj/Erth      12%        3d7       32%         3
 Petrify                  Tmut/Erth      7%         N/A       67%         4
 Lee's Rapid Deconstruct  Erth           5%         3d7*      87%         5


Dungeon Overview and Level Annotations

Branches:
Dungeon (1/15)

Altars:


Innate Abilities, Weirdness & Mutations

You are too large for most types of armour.
You have tough skin. (AC +1)


Message History

The ball python bites the bush but does no damage.
The kobold hits you with a +0 dagger.
You miss the jackal. The jackal bites you. The jackal barely misses you.
The rat bites the bush but does no damage.
The ball python bites the bush but does no damage.
The kobold hits the bush but does no damage.
The jackal closely misses you. The kobold closely misses you.
The jackal bites you.
The rat bites the bush but does no damage.
The ball python bites the bush but does no damage.
The kobold hits the bush but does no damage.
You hit the jackal but do no damage. The jackal barely misses you.
The jackal bites you.
* * * LOW HITPOINT WARNING * * *
The kobold hits you but does no damage.
The ball python bites the bush but does no damage.
The jackal closely misses you.
The rat bites the bush but does no damage.
The jackal bites you.
* * * LOW HITPOINT WARNING * * *
The kobold hits the bush but does no damage.
The kobold closely misses you.
Casting: Sandblast (safe; 6% risk of failure)
Confirm with . or Enter, or press ? or * to list all spells.
Aiming: Sandblast (safe; 6% risk of failure)
Press: ? - help, Shift-Dir - straight line, f - kobold
Aim: a kobold, wielding a +0 dagger and quivering stones (74% to hit)
The blast of sand hits the kobold.
You kill the kobold!
The jackal bites you but does no damage.
The ball python bites the bush but does no damage.
The jackal bites you.
* * * LOW HITPOINT WARNING * * *
The kobold hits the bush but does no damage.
The jackal barely misses you.
The ball python bites the bush but does no damage.
You hit the jackal.
The jackal is lightly wounded.
The jackal bites you.
You die... ... ### ...
P PPPPPPP P. ..P.. # P.PPP.P.P PP #.
P...P(..P .. ...PPPPPrPPP.P .. #)P...h@P...P #. ##PPPPPhPPPPP.P. #.....SK....P.. ###.PPP.P.PPP.P.P ....P...P.P...P.P ##.#PPP.PPPPPPPPP#### .........)....###...# #######.......#.....# ##.#...#.#..####

You could see 2 jackals, a ball python, a kobold and a rat.

Vanquished Creatures
  2 jackals (D:1)
  A kobold (D:1)
3 creatures vanquished.

Notes
Turn   | Place    | Note
-------+----------+-------------------------------------------
     0 | D:1      | rageheart7 the Ogre Earth Elementalist began the quest for
                  | the Orb.
     0 | D:1      | Reached XP level 1. HP: 16/16 MP: 3/3
    98 | D:1      | Slain by a jackal

Illustrated notes

Levels and vault maps discovered:
D:1:      minmay_arrival_pointy, layout_rooms,
          hellmonk_ecumenical_altar_inner_sanctum, minmay_hedge_maze

Action                   || total
-------------------------++-------
Melee: Mace              ||     6
       Unarmed           ||     1
 Cast: Sandblast         ||     4
Armor: Robe              ||     8
Dodge: Dodged            ||    18

Table legend: (Time is in decaauts)
 A = Elapsed time spent in this place.
 B = Non-inter-level travel time spent in this place.
 C = Inter-level travel time spent in this place.
 D = Time resting spent in this place.
 E = Time spent auto-exploring this place.
 F = Levels seen in this place.
 G = Mean time per level.
                   A        B        C        D        E       F      G
               +--------+--------+--------+--------+--------+-----+--------+
         Total |     99 |     99 |      0 |      0 |     78 |   1 |   99.0 |
       Dungeon |     99 |     99 |      0 |      0 |     78 |   1 |   99.0 |
               +--------+--------+--------+--------+--------+-----+--------+

Top non-repeatable levels by time:
     D:1: 99 daAuts
